 Dungeon Crawl Stone Soup version 0.31-a0-354-g827e0957a7 (webtiles) character file.

Game seed: 16556171302600332062

83 randomguy2701 the Chopper (level 4, -4/40 HPs)
             Began as a Hill Orc Fighter on July 24, 2023.
             Slain by an orc
             ... wielding a +0 flail
              (7 damage)
             ... on level 3 of the Dungeon.
             The game lasted 00:02:18 (1885 turns).

randomguy2701 the Chopper (Hill Orc Fighter)        Turns: 1885, Time: 00:02:19

Health: -4/40      AC:  8    Str: 20    XL:     4   Next: 44%
Magic:  4/4        EV:  9    Int:  8    God:
Gold:   85         SH:  4    Dex: 10    Spells: 3/3 levels left

rFire   . . .        a - +0 war axe
rCold   . . .        c - +0 buckler
rNeg    . . .        b - +0 scale mail
rPois   .            (no helmet)
rElec   .            (no cloak)
rCorr   .            (no gloves)
SInv    .            m - +0 pair of boots
Will    .....        (no amulet) Stlth
                     (no ring)
HPRegen 0.26/turn    (no ring)
MPRegen 0.09/turn

%: no passive effects
@: no status effects
A: no striking features
a: no special abilities


You were on level 3 of the Dungeon.
You visited 1 branch of the dungeon, and saw 3 of its levels.

You collected 85 gold pieces.

Inventory:

Hand Weapons
 a - a +0 war axe (weapon)
Armour
 b - a +0 scale mail (worn)
 c - a +0 buckler (worn)
 m - a +0 pair of boots (worn)
Jewellery
 n - a ring of magical power
Wands
 p - a wand of polymorph (3)
Scrolls
 e - a scroll of poison {unknown}
 f - 2 scrolls of fog {unknown}
 g - a scroll of revelation {unknown}
 j - a scroll of immolation {unknown}
 l - 3 scrolls of identify {unknown}
 o - 3 scrolls of teleportation {unknown}
Potions
 d - a potion of might
 h - a potion of invisibility {unknown}
 i - 2 potions of heal wounds {unknown}
 k - 2 potions of curing {unknown}


   Skills:
 + Level 4.1 Fighting
 + Level 4.3 Axes
 + Level 3.8 Armour
 + Level 0.2 Dodging
 + Level 3.8 Shields


You had 3 spell levels left.
You didn't know any spells.
Your spell library contained the following spells:

 Spells                   Type           Power      Damage    Failure   Level
 Slow                     Hex            0%         N/A       83%         1
 Confusing Touch          Hex            0%         N/A       99%         3
 Vampiric Draining        Necr           0%         2d6       99%         3


Dungeon Overview and Level Annotations

Branches:
Dungeon (3/15)

Altars:

Shops:
D:2 :


Message History

The orc hits you but does no damage.
You hear some strange, mumbled words.
Something tries to affect you, but you resist.
The orc wizard hits you but does no damage.
You closely miss the orc wizard.
The orc wizard is moderately wounded.
You miss the orc. You closely miss something. The orc barely misses you.
The orc wizard barely misses you.
You hear some strange, mumbled words.
A puff of flame appears from out of thin air!
The puff of flame hits you.
You barely miss the orc wizard.
The orc wizard is moderately wounded.
You hit the orc but do no damage. You closely miss something.
The orc barely misses you.
The orc wizard hits you with a +0 dagger.
* * * LOW HITPOINT WARNING * * *
Something hits you but does no damage.
The orc wizard hits you with a +0 dagger.
* * * LOW HITPOINT WARNING * * *
Something hits you but does no damage. The orc barely misses you.
You hear some strange, mumbled words.
A puff of flame appears from out of thin air!
The puff of flame hits you.
* * * LOW HITPOINT WARNING * * *
You feel less confused. Something hits you but does no damage.
The orc barely misses you.
You open the door. The orc hits you with a +0 flail.
* * * LOW HITPOINT WARNING * * *
Something hits you but does no damage.
The orc wizard gestures wildly while chanting.
The orc wizard flickers and vanishes!
There is an open door here.
Something hits you.
* * * LOW HITPOINT WARNING * * *
The orc attacks as you move away! The orc hits you with a +0 flail.
* * * LOW HITPOINT WARNING * * *
The orc attacks as you move away! The orc misses you.
The orc attacks as you move away! The orc hits you with a +0 flail!
You die...

#.....## ########
..##...###......#
..............#
##.....#.##.#.#
##...##.##.#.# ##.###{##.#.##
#{##........# #.##.###o##.#
##'##.# #@##.# ##...#.#
#.##.# ##......###.##.#######
##....................#
#.........##.#...####.####.#.
+.........+..................
#.......†.##.#...####.####.#.
##.......###......# #.#
##.....## ####.#.# #.#


You could see an orc.

Vanquished Creatures
  Jessica (D:3)
  A gnoll (D:1)
  A worm (D:2)
  2 dart slugs
  4 bats
  9 endoplasms
  A giant cockroach (D:1)
  A goblin (D:1)
  2 hobgoblins
  2 quokkas (D:2)
  5 ball pythons
  2 frilled lizards (D:2)
  2 kobolds
  8 rats
41 creatures vanquished.

Notes
Turn   | Place    | Note
-------+----------+-------------------------------------------
     0 | D:1      | randomguy2701 the Hill Orc Fighter began the quest for the
                  | Orb.
     0 | D:1      | Reached XP level 1. HP: 19/19 MP: 1/1
    28 | D:1      | Reached XP level 2. HP: 14/27 MP: 2/2
   564 | D:1      | Reached XP level 3. HP: 32/33 MP: 3/3
   636 | D:1      | Found a faded altar of an unknown god.
   960 | D:2      | Found Wuhyid's Book Shoppe.
  1540 | D:3      | Identified the +1 robe of Ujaucrot {-Cast Will- Dex+8 SInv}
  1733 | D:3      | Noticed Jessica
  1737 | D:3      | Killed Jessica
  1738 | D:3      | Reached XP level 4. HP: 40/40 MP: 4/4
  1880 | D:3      | HP: 2/40 [orc/+0 flail (3)]
  1885 | D:3      | Slain by an orc

Illustrated notes

Levels and vault maps discovered:
D:1:      amcnicky_arrival_flooded_fountain, layout_loops_ring,
          hellmonk_ecumenical_altar_arch_garden
D:2:      layout_loops_ring, serial_shops, nicolae_book_shop_shelving,
          grunt_ministairs_2, st_stairs_2, minmay_pentomino_x4
D:3:      layout_loops_corners, serial_shops, nicolae_shop_window_shopping,
          uniq_jessica

Skill      XL: |  1  2  3 |
---------------+----------+-----
Axes           | 3 4 |  4.3
Fighting       | 4 |  4.1
Armour         | |  3.8
Dodging        | |  0.2
Shields        | |  3.8

Action                     |  1- 3 |  4- 6 || total
---------------------------+-------+-------++-------
  Melee: War axe           |   102 |    20 ||   122
 Armour: Scale mail        |    42 |    18 ||    60
  Dodge: Dodged            |    39 |    21 ||    60
  Block: Buckler           |    20 |     4 ||    24

Table legend: (Time is in decaauts)
 A = Elapsed time spent in this place.
 B = Non-inter-level travel time spent in this place.
 C = Inter-level travel time spent in this place.
 D = Time resting spent in this place.
 E = Time spent auto-exploring this place.
 F = Levels seen in this place.
 G = Mean time per level.
                   A        B        C        D        E       F      G
               +--------+--------+--------+--------+--------+-----+--------+
         Total |   1928 |   1853 |     75 |      0 |   1504 |   3 |  642.7 |
       Dungeon |   1928 |   1853 |     75 |      0 |   1504 |   3 |  642.7 |
               +--------+--------+--------+--------+--------+-----+--------+

Top non-repeatable levels by time:
     D:1: 803 daAuts
     D:2: 763 daAuts
     D:3: 361 daAuts
